 Dungeon Crawl Stone Soup version 0.17-a0-1378-g281efdd (webtiles) character file.

117 nubinia the Firebug (level 4, -4/27 HPs)
             Began as a High Elf Fire Elementalist on June 14, 2015.
             Was an Initiate of Vehumet.
             Slain by a gnoll (6 damage)
             ... on level 3 of the Dungeon.
             The game lasted 00:09:40 (2976 turns).

nubinia the Firebug (High Elf Fire Elementalist)    Turns: 2976, Time: 00:09:40

Health: -4/27      AC:  3    Str: 10    XL:     4   Next: 71%
Magic:  6/9        EV: 13    Int: 20    God:    Vehumet [......]
Gold:   179        SH:  0    Dex: 15    Spells: 3 memorised, 3 levels left

rFire  . . .     SeeInvis .     a - +1 dagger (venom)
rCold  . . .     Clarity  .     l - +1 robe
rNeg   . . .     SustAt   .     (no shield)
rPois  .         Gourm    .     (no helmet)
rElec  .         Spirit   .     (no cloak)
rCorr  .         Warding  .     (no gloves)
rMut   .         Stasis   .     (no boots)
MR     .....                    (no amulet)
Stlth  ++........               (no ring)
                                i - +3 ring of strength

@: not resistant to hostile enchantments, unstealthy
A: no striking features
a: Renounce Religion


You were on level 3 of the Dungeon.
You worshipped Vehumet.
Vehumet was noncommittal.
You were not hungry.

You visited 1 branch of the dungeon, and saw 3 of its levels.

You collected 179 gold pieces.

Inventory:

Hand weapons
 a - a +1 dagger of venom (weapon)
 e - a +0 short sword
 r - a +0 dagger of freezing
 w - a cursed -1 flail
Missiles
 k - 13 poisoned needles
Armour
 l - a +1 robe (worn)
Jewellery
 i - a +3 ring of strength (left hand)
Scrolls
 g - a scroll of random uselessness {unknown}
 o - a scroll of remove curse {unknown}
 p - a scroll of fog
 q - 2 scrolls of enchant armour
 v - a scroll of noise {unknown}
 y - a scroll of enchant weapon {unknown}
Potions
 d - a potion of haste
 f - a potion of degeneration
 h - a potion of invisibility
 m - a potion of lignification
 n - a potion of magic
 s - a potion of agility {unknown}
 t - a potion of poison
 u - a potion of curing
 z - a potion of brilliance {unknown}
Books
 b - a book of Flames

   Spells                             Type                      Level
   a - Flame Tongue                   Conjuration/Fire             1
   b - Throw Flame                    Conjuration/Fire             2
   c - Conjure Flame                  Conjuration/Fire             3
   d - Inner Flame                    Hexes/Fire                   3
   e - Sticky Flame                   Conjuration/Fire             4
   f - Fireball                       Conjuration/Fire             5
Comestibles
 c - 3 bread rations
 j - 2 meat rations


   Skills:
 + Level 0.4 Fighting
 + Level 3.1 Dodging
 + Level 3.6 Stealth
 + Level 3.1 Spellcasting
 + Level 1.4 Conjurations
 + Level 3.8 Fire Magic


You had 3 spell levels left.
You knew the following spells:

 Your Spells              Type           Power        Failure   Level  Hunger
a - Flame Tongue          Conj/Fire      ##...        6%          1    None
b - Throw Flame           Conj/Fire      ##....       10%         2    ##.....
c - Conjure Flame         Conj/Fire      ##......     17%         3    ###....


Dungeon Overview and Level Annotations

Branches:
Dungeon (3/15)

Altars:
Trog
Vehumet


Message History

Casting: Flame Tongue
Confirm with . or Enter, or press ? or * to list all spells.
Aiming: Flame Tongue
Press: ? - help, Shift-Dir - straight line, f/p - gnoll
Aim: a gnoll (severely wounded)
The flame tongue misses the gnoll.
The gnoll hits you!
* * * LOW HITPOINT WARNING * * *
Unknown command.
Unknown command.
Unknown command.
Unknown command.
Casting: Flame Tongue
Confirm with . or Enter, or press ? or * to list all spells.
Aiming: Flame Tongue
Press: ? - help, Shift-Dir - straight line, f/p - gnoll
Aim: a gnoll (severely wounded)
The flame tongue hits the gnoll.
The gnoll appears unharmed.
The gnoll is severely wounded.
The gnoll hits you.
You die...

#.#.......#.# #.....# #..#
#.#.#######.# #.....# #..#
#.#.# #.# #.....# #..# #.#.#
#.# ##.#### #..# #.#.# #.#
#.######..#
#.#.#######.######.........#
#...............##########..
#.####.####..##.####.......#
#.##)....##@.##.#...........
##.#.......#g.##.#.##.######.
#..#.......#..##...##.# #. ##
#......_.....########.# #. .#
#..#.......#.# #.# #.
.####..#.......#.# #.# #.
...##..##.....##.# #.# #.
##.##..####.####.# #.#######
#.##............# #........


You could see a gnoll.

Vanquished Creatures
  2 hounds (D:3)
  2 worms (D:2)
  A ball python (D:1)
  7 giant cockroaches
  6 goblins
  4 hobgoblins
  9 jackals
  8 kobolds
  4 bats
  A giant newt (D:1)
  5 rats
49 creatures vanquished.

Notes
Turn   | Place    | Note
--------------------------------------------------------------
     0 | D:1      | nubinia the High Elf Fire Elementalist began the quest for the Orb.
     0 | D:1      | Reached XP level 1. HP: 11/11 MP: 4/4
   273 | D:1      | Reached XP level 2. HP: 17/17 MP: 6/6
   711 | D:1      | Learned a level 2 spell: Throw Flame
  1062 | D:1      | Reached XP level 3. HP: 21/21 MP: 8/8
  1071 | D:1      | Learned a level 3 spell: Conjure Flame
  1446 | D:2      | Found a radiant altar of Vehumet.
  1456 | D:2      | Became a worshipper of Vehumet
  2500 | D:3      | Found a bloodstained altar of Trog.
  2941 | D:3      | Reached XP level 4. HP: 19/27 MP: 7/9
  2976 | D:3      | Slain by a gnoll

Vault maps used:
D:1:      noname_arrival_rooms_in_the_neighbourhood
D:2:      vehumet_crystals
D:3:      old_standard_altar, cheibrodos_gnoll_hut

Action                   |  1- 3 |  4- 6 || total
-------------------------+-------+-------++-------
Melee: Short sword       |    13 |       ||    13
       Dagger            |    58 |     6 ||    64
 Cast: Flame Tongue      |    21 |     5 ||    26
       Throw Flame       |     4 |       ||     4
  Use: Potion            |     1 |       ||     1
       Scroll            |     8 |       ||     8
 Stab: Sleeping          |    10 |       ||    10
  Eat: Chunk             |     7 |       ||     7
